[ AOE2 MATCH · #506571314 ]
UnrankedChinese vs Celts
Player's team · LOSS
Rival team · WIN
[ REPLAY ANALYSIS · EXTRACTED FROM THE RECORDED GAME ]
Feudal
9:29
Castle
—
Imperial
—
| APM avg | 60.7 |
| APM peak | 102 |
| eAPM avg | 28.7 |
| Villagers / military | 72 / 27 |
Focus
⚔️ 47.3% · 🌾 52.7%
Scout Cavalry ×22 · Spearman ×5
Feudal
10:35
Castle
14:30
Imperial
—
| APM avg | 51.9 |
| APM peak | 100 |
| eAPM avg | 26.5 |
| Villagers / military | 46 / 31 |
Focus
⚔️ 28.5% · 🌾 71.5%
Scorpion ×18 · Battering Ram ×6 · Spearman ×5 · Knight ×2
Match map
Initial resources + every placement click. Lines = walls · curves = elevation contours. ◆ gold · ⬟ stone · ● berries · ✦ relic · ◌ wall gap
Your base· Open — unwalled flank
Hoanginator's base· Open — unwalled flank
Smoothed initial terrain · ◌ = detected wall gap · hover for details
Inputs per minute
— wed890u - - Hoanginator
Build order — wed890u
First 150 of 201 actions detected
| 0:00 | Research | Loom |
| 0:00 | Research | Loom |
| 0:01 | Research | Loom |
| 0:48 | Create | Villager (Male) |
| 0:48 | Create | Villager (Male) |
| 1:14 | Create | Villager (Male) |
| 1:14 | Create | Villager (Male) |
| 1:38 | Create | Villager (Male) |
| 1:38 | Create | Villager (Male) |
| 2:00 | Build | Lumber Camp |
| 2:03 | Create | Villager (Male) |
| 2:23 | Create | Villager (Male) |
| 2:23 | Create | Villager (Male) |
| 2:54 | Create | Villager (Male) |
| 2:54 | Create | Villager (Male) |
| 3:19 | Create | Villager (Male) |
| 3:20 | Create | Villager (Male) |
| 3:25 | Build | House |
| 3:37 | Create | Villager (Male) |
| 3:38 | Create | Villager (Male) |
| 4:05 | Build | Mill |
| 4:11 | Create | Villager (Male) |
| 4:12 | Create | Villager (Male) |
| 4:25 | Create | Villager (Male) |
| 4:57 | Create | Villager (Male) |
| 4:57 | Create | Villager (Male) |
| 5:14 | Create | Villager (Male) |
| 5:14 | Create | Villager (Male) |
| 5:41 | Create | Villager (Male) |
| 6:07 | Build | House |
| 6:15 | Create | Villager (Male) |
| 6:31 | Build | Mill |
| 6:47 | Create | Villager (Male) |
| 7:19 | Research | Feudal Age |
| 8:36 | Build | Barracks |
| 8:43 | Build | House |
| 9:17 | Create | Villager (Male) |
| 9:26 | Build | House |
| 9:29 | Age | Feudal Age |
| 9:32 | Build | Stable |
| 9:35 | Research | Double-Bit Axe |
| 9:57 | Create | Villager (Male) |
| 10:00 | Research | Horse Collar |
| 10:12 | Create | Villager (Male) |
| 10:13 | Create | Scout Cavalry |
| 10:13 | Create | Scout Cavalry |
| 10:14 | Create | Scout Cavalry |
| 10:15 | Build | House |
| 10:25 | Build | Watch Tower |
| 10:30 | Create | Villager (Male) |
| 10:35 | Build | Farm |
| 10:38 | Build | Farm |
| 10:55 | Create | Scout Cavalry |
| 11:01 | Build | Farm |
| 11:04 | Build | Farm |
| 11:11 | Create | Villager (Male) |
| 11:22 | Build | Farm |
| 11:28 | Create | Villager (Male) |
| 11:31 | Build | Farm |
| 11:44 | Build | Mining Camp |
| 11:51 | Create | Villager (Male) |
| 11:55 | Build | House |
| 11:56 | Build | House |
| 11:59 | Build | Palisade Wall |
| 12:00 | Build | Palisade Wall |
| 12:30 | Create | Scout Cavalry |
| 12:31 | Create | Villager (Male) |
| 12:31 | Create | Villager (Male) |
| 12:33 | Build | Farm |
| 12:43 | Create | Villager (Male) |
| 12:51 | Create | Villager (Male) |
| 12:52 | Build | Farm |
| 12:54 | Build | Farm |
| 12:55 | Build | Farm |
| 13:10 | Create | Villager (Male) |
| 13:10 | Create | Villager (Male) |
| 13:22 | Create | Scout Cavalry |
| 13:30 | Build | Watch Tower |
| 13:53 | Create | Villager (Male) |
| 13:54 | Create | Scout Cavalry |
| 14:02 | Create | Scout Cavalry |
| 14:11 | Build | Farm |
| 14:12 | Build | Farm |
| 14:20 | Create | Scout Cavalry |
| 14:30 | Create | Scout Cavalry |
| 15:21 | Create | Villager (Male) |
| 15:21 | Create | Villager (Male) |
| 15:22 | Build | House |
| 15:24 | Build | Farm |
| 15:29 | Create | Spearman |
| 15:29 | Create | Spearman |
| 15:30 | Create | Spearman |
| 15:33 | Build | House |
| 15:36 | Build | Stone Wall |
| 15:38 | Build | Stone Wall |
| 15:38 | Build | Stone Wall |
| 15:39 | Build | Stone Wall |
| 15:40 | Build | Stone Wall |
| 15:55 | Create | Spearman |
| 16:12 | Create | Scout Cavalry |
| 16:14 | Build | Farm |
| 16:17 | Build | Farm |
| 16:33 | Create | Villager (Male) |
| 16:34 | Create | Villager (Male) |
| 17:01 | Create | Scout Cavalry |
| 17:04 | Build | Farm |
| 17:05 | Build | Farm |
| 17:06 | Build | Farm |
| 17:07 | Build | Farm |
| 17:08 | Build | Farm |
| 17:08 | Create | Villager (Male) |
| 17:08 | Create | Villager (Male) |
| 17:18 | Create | Spearman |
| 17:21 | Build | House |
| 17:24 | Create | Villager (Male) |
| 17:24 | Create | Villager (Male) |
| 17:37 | Build | Watch Tower |
| 17:43 | Create | Villager (Male) |
| 17:43 | Create | Villager (Male) |
| 18:04 | Create | Villager (Male) |
| 18:07 | Build | Outpost |
| 18:09 | Build | Outpost |
| 18:14 | Create | Scout Cavalry |
| 18:22 | Build | Stone Wall |
| 18:25 | Build | Stone Wall |
| 18:25 | Build | Stone Wall |
| 18:26 | Build | Stone Wall |
| 18:26 | Build | Stone Wall |
| 18:27 | Build | Stone Wall |
| 18:30 | Build | Farm |
| 18:33 | Create | Villager (Male) |
| 18:37 | Create | Villager (Male) |
| 19:12 | Create | Scout Cavalry |
| 19:18 | Create | Villager (Male) |
| 19:18 | Create | Villager (Male) |
| 19:23 | Create | Scout Cavalry |
| 19:23 | Create | Scout Cavalry |
| 19:34 | Build | Watch Tower |
| 19:36 | Build | Stone Wall |
| 19:37 | Build | Stone Wall |
| 19:39 | Build | Stone Wall |
| 19:39 | Build | Stone Wall |
| 19:41 | Create | Villager (Male) |
| 19:42 | Create | Scout Cavalry |
| 19:42 | Create | Scout Cavalry |
| 19:49 | Create | Villager (Male) |
| 19:52 | Build | Blacksmith |
| 19:58 | Build | Farm |
| 19:58 | Build | Farm |
| 20:14 | Build | Farm |
Build order — Hoanginator
130 actions detected in the replay
| 0:01 | Create | Villager (Male) |
| 0:02 | Build | House |
| 0:02 | Build | House |
| 0:05 | Create | Villager (Male) |
| 0:10 | Create | Villager (Male) |
| 0:10 | Create | Villager (Male) |
| 0:10 | Create | Villager (Male) |
| 1:29 | Create | Villager (Male) |
| 1:30 | Create | Villager (Male) |
| 1:30 | Create | Villager (Male) |
| 1:45 | Build | Lumber Camp |
| 1:59 | Create | Villager (Male) |
| 1:59 | Create | Villager (Male) |
| 1:59 | Create | Villager (Male) |
| 2:19 | Create | Villager (Male) |
| 2:19 | Create | Villager (Male) |
| 2:19 | Create | Villager (Male) |
| 2:48 | Create | Villager (Male) |
| 2:48 | Create | Villager (Male) |
| 2:48 | Create | Villager (Male) |
| 3:01 | Build | House |
| 3:02 | Build | House |
| 3:06 | Build | Palisade Wall |
| 3:09 | Create | Villager (Male) |
| 3:10 | Create | Villager (Male) |
| 3:34 | Create | Villager (Male) |
| 3:35 | Create | Villager (Male) |
| 3:55 | Create | Villager (Male) |
| 3:56 | Create | Villager (Male) |
| 4:35 | Create | Villager (Male) |
| 4:35 | Create | Villager (Male) |
| 4:35 | Create | Villager (Male) |
| 4:45 | Build | Mill |
| 5:01 | Create | Villager (Male) |
| 5:01 | Create | Villager (Male) |
| 5:02 | Create | Villager (Male) |
| 5:23 | Create | Villager (Male) |
| 5:23 | Create | Villager (Male) |
| 5:26 | Create | Villager (Male) |
| 5:31 | Create | Villager (Male) |
| 6:02 | Create | Villager (Male) |
| 6:02 | Create | Villager (Male) |
| 6:02 | Create | Villager (Male) |
| 6:20 | Build | Barracks |
| 6:29 | Create | Villager (Male) |
| 6:29 | Create | Villager (Male) |
| 6:29 | Create | Villager (Male) |
| 6:43 | Create | Villager (Male) |
| 6:44 | Create | Villager (Male) |
| 7:15 | Build | Palisade Wall |
| 7:17 | Build | Palisade Wall |
| 7:26 | Create | Villager (Male) |
| 8:00 | Create | Villager (Male) |
| 8:23 | Research | Feudal Age |
| 8:23 | Research | Feudal Age |
| 8:35 | Build | House |
| 8:41 | Build | Mining Camp |
| 8:44 | Build | Mining Camp |
| 9:38 | Create | Villager (Male) |
| 10:35 | Age | Feudal Age |
| 10:38 | Create | Villager (Male) |
| 10:42 | Build | Market |
| 10:47 | Build | Blacksmith |
| 10:49 | Build | Palisade Wall |
| 10:57 | Create | Spearman |
| 11:05 | Build | Palisade Wall |
| 11:12 | Research | Loom |
| 11:20 | Build | Palisade Wall |
| 11:22 | Build | Palisade Wall |
| 11:49 | Research | Castle Age |
| 11:49 | Research | Castle Age |
| 11:57 | Create | Spearman |
| 12:15 | Create | Spearman |
| 12:15 | Create | Spearman |
| 12:20 | Build | Stable |
| 12:58 | Build | Lumber Camp |
| 13:28 | Build | House |
| 13:32 | Build | House |
| 13:33 | Build | Palisade Wall |
| 13:54 | Create | Spearman |
| 14:21 | Create | Villager (Male) |
| 14:30 | Age | Castle Age |
| 14:33 | Build | Siege Workshop |
| 14:33 | Create | Knight |
| 14:33 | Create | Knight |
| 14:40 | Build | House |
| 14:41 | Build | Palisade Wall |
| 14:42 | Build | Palisade Wall |
| 14:44 | Build | Palisade Wall |
| 14:44 | Build | Palisade Wall |
| 14:48 | Build | Palisade Wall |
| 14:50 | Build | Palisade Wall |
| 14:51 | Build | Palisade Wall |
| 15:04 | Build | Palisade Wall |
| 15:06 | Build | Palisade Wall |
| 15:08 | Build | Palisade Wall |
| 15:12 | Build | Palisade Wall |
| 15:14 | Build | Palisade Wall |
| 15:29 | Create | Scorpion |
| 15:29 | Create | Scorpion |
| 15:30 | Create | Scorpion |
| 15:38 | Create | Scorpion |
| 15:38 | Create | Scorpion |
| 16:14 | Create | Scorpion |
| 16:15 | Create | Scorpion |
| 16:52 | Create | Scorpion |
| 16:52 | Create | Scorpion |
| 17:15 | Build | Mining Camp |
| 17:57 | Create | Scorpion |
| 17:57 | Create | Scorpion |
| 18:24 | Create | Scorpion |
| 18:25 | Create | Scorpion |
| 18:31 | Build | Palisade Wall |
| 18:55 | Create | Scorpion |
| 18:55 | Create | Scorpion |
| 20:00 | Create | Scorpion |
| 20:49 | Create | Scorpion |
| 21:36 | Create | Scorpion |
| 22:35 | Create | Battering Ram |
| 22:35 | Create | Battering Ram |
| 24:02 | Create | Battering Ram |
| 24:02 | Create | Battering Ram |
| 24:52 | Build | Lumber Camp |
| 27:17 | Create | Battering Ram |
| 27:17 | Create | Battering Ram |
| 27:45 | Build | Mining Camp |
| 29:08 | Build | Farm |
| 29:09 | Build | Farm |
| 29:10 | Build | Farm |
| 29:11 | Build | Farm |
Match timeline
| 3:06 | Hoanginator · wall_segment Palisade Wall x3 |
| 6:20 | Hoanginator · first_building Barracks |
| 7:15 | Hoanginator · wall_segment Palisade Wall x1 |
| 7:17 | Hoanginator · wall_segment Palisade Wall x1 |
| 8:36 | wed890u · first_building Barracks |
| 9:29 | wed890u · age_up feudal |
| 9:32 | wed890u · first_building Stable |
| 10:35 | Hoanginator · age_up feudal |
| 10:49 | Hoanginator · wall_segment Palisade Wall x1 |
| 11:05 | Hoanginator · wall_segment Palisade Wall x1 |
| 11:20 | Hoanginator · wall_segment Palisade Wall x1 |
| 11:22 | Hoanginator · wall_segment Palisade Wall x1 |
| 11:44 | Hoanginator · first_market_sell 500 stone |
| 11:48 | Hoanginator · first_market_buy 100 food |
| 11:59 | wed890u · wall_segment Palisade Wall x3 |
| 12:00 | wed890u · wall_segment Palisade Wall x3 |
| 12:20 | Hoanginator · first_building Stable |
| 13:33 | Hoanginator · wall_segment Palisade Wall x1 |
| 14:30 | Hoanginator · age_up castle |
| 14:33 | Hoanginator · first_building Siege Workshop |
| 14:41 | Hoanginator · wall_segment Palisade Wall x1 |
| 14:42 | Hoanginator · wall_segment Palisade Wall x1 |
| 14:44 | Hoanginator · wall_segment Palisade Wall x1 |
| 14:44 | Hoanginator · wall_segment Palisade Wall x1 |
| 14:48 | Hoanginator · wall_segment Palisade Wall x1 |
| 14:50 | Hoanginator · wall_segment Palisade Wall x1 |
| 14:51 | Hoanginator · wall_segment Palisade Wall x1 |
| 15:04 | Hoanginator · wall_segment Palisade Wall x1 |
| 15:06 | Hoanginator · wall_segment Palisade Wall x1 |
| 15:08 | Hoanginator · wall_segment Palisade Wall x1 |
| 15:12 | Hoanginator · wall_segment Palisade Wall x2 |
| 15:14 | Hoanginator · wall_segment Palisade Wall x2 |
| 15:36 | wed890u · wall_segment Stone Wall x2 |
| 15:38 | wed890u · wall_segment Stone Wall x1 |
| 15:38 | wed890u · wall_segment Stone Wall x1 |
| 15:39 | wed890u · wall_segment Stone Wall x1 |
| 15:40 | wed890u · wall_segment Stone Wall x1 |
| 18:22 | wed890u · wall_segment Stone Wall x2 |
| 18:25 | wed890u · wall_segment Stone Wall x3 |
| 18:25 | wed890u · wall_segment Stone Wall x1 |
| 18:26 | wed890u · wall_segment Stone Wall x1 |
| 18:26 | wed890u · wall_segment Stone Wall x2 |
| 18:27 | wed890u · wall_segment Stone Wall x1 |
| 18:31 | Hoanginator · wall_segment Palisade Wall x1 |
| 19:36 | wed890u · wall_segment Stone Wall x2 |
| 19:37 | wed890u · wall_segment Stone Wall x2 |
| 19:39 | wed890u · wall_segment Stone Wall x3 |
| 19:39 | wed890u · wall_segment Stone Wall x1 |
| 23:18 | wed890u · wall_segment Stone Wall x1 |
| 23:18 | wed890u · wall_segment Stone Wall x1 |
| 29:15 | wed890u · first_market_buy 100 wood |
| 29:18 | wed890u · first_market_sell 100 food |
| 29:42 | wed890u · resign |
[ AI ANALYSIS · 1 CREDIT ]
What really happened in this match?
Wolo.gg analyzes every decision: build order, eco, micro, common mistakes by bracket. Personalized analysis on WhatsApp or Discord in 30 seconds.
Civ guide
Chinese
Perfil
Jugador #5274387